 Dungeon Crawl Stone Soup version 0.29-a0-338-g1ff7896281 (webtiles) character file.

Game seed: 10148552813106033861

22 Jortsu the Ducker (level 2, 0/29 HPs)
             Began as a Troll Fighter on Apr 19, 2022.
             Succumbed to a goblin's poison
             ... on level 1 of the Dungeon.
             The game lasted 00:01:08 (409 turns).

Jortsu the Ducker (Troll Fighter)                    Turns: 409, Time: 00:01:08

Health: 0/29       AC:  4    Str: 22 (23) XL:     2   Next: 68%
Magic:  1/1        EV:  8    Int:  1 (4)  God:
Gold:   87         SH: 12    Dex:  8 (9)  Spells: 1/1 levels left

rFire   . . .      SeeInvis .   a - +0 flail
rCold   . . .      Faith    .   c - +0 kite shield
rNeg    . . .      Spirit   .   b - +0 robe
rPois   .          Reflect  +   (helmet restricted)
rElec   .          Harm     .   (no cloak)
rCorr   .          Rampage  .   (gloves unavailable)
Will    .....                   (boots unavailable)
Stlth   +.........              i - amulet of reflection
HPRegen 0.89/turn               (no ring)
MPRegen 0.07/turn               (no ring)

@: lethally poisoned (0 -> -3)
A: large, unfitting armour, claws 3, regeneration 1, shaggy fur 1, tough skin 1
a: no special abilities


You were on level 1 of the Dungeon.
You visited 1 branch of the dungeon, and saw 1 of its levels.

You collected 87 gold pieces.

Inventory:

Hand Weapons
 a - a +0 flail (weapon)
Armour
 b - a +0 robe (worn)
 c - a +0 kite shield (worn)
Jewellery
 i - an amulet of reflection (around neck)
Scrolls
 e - a scroll of amnesia {unknown}
 g - a scroll of acquirement {unknown}
Potions
 d - a potion of might
 f - a potion of cancellation {unknown}


   Skills:
 + Level 2.6 Fighting
 + Level 2.0 Maces & Flails
 + Level 2.7 Dodging
 + Level 2.6 Shields


You had one spell level left.
You didn't know any spells.
Your spell library contained the following spells:

 Spells                   Type           Power      Damage    Failure   Level
 Shock                    Conj/Air       0%         1d3       86%         1
 Swiftness                Air            0%         N/A       99%         3
 Airstrike                Air            0%         N/A       100%        4


Dungeon Overview and Level Annotations

Branches:
Dungeon (1/15)

Altars:


Innate Abilities, Weirdness & Mutations

You are too large for most types of armour.
You have claws for hands.
Your natural rate of healing is unusually fast.
You are covered in fur. (AC +1)
You have tough skin. (AC +1)


Message History

The bat closely misses you.
The goblin hits you with a +2 dagger of venom.
You are poisoned.
You block the bat's attack. You block the goblin's attack.
You barely miss the goblin.
The goblin is heavily wounded.
You feel very sick. The bat hits you but does no damage.
You block the goblin's attack.
You closely miss the goblin.
The goblin is heavily wounded.
You feel sick. You block the bat's attack.
The goblin hits you but does no damage.
You are more poisoned.
You closely miss the goblin.
The goblin is heavily wounded.
You feel very sick. The bat hits you but does no damage.
The goblin hits you with a +2 dagger of venom.
You are more poisoned.
The goblin hits you but does no damage.
You are lethally poisoned!
You sock the goblin!
You kill the goblin!
You feel extremely sick. The bat barely misses you.
* * * LOW HITPOINT WARNING * * *
You feel very sick. The bat hits you.
* * * LOW HITPOINT WARNING * * *
You see here a +2 dagger of venom.
You barely miss the bat.
* * * LOW HITPOINT WARNING * * *
You feel very sick. You block the bat's attack.
* * * LOW HITPOINT WARNING * * *
You feel sick. The bat hits you but does no damage. You block the bat's attack.
It was a potion of degeneration.
There was something very wrong with that liquid.
You feel weakened.
You feel dopey.
You feel clumsy.
You die...

#.#.#...###P≈♣≈P≈≈PP♣♣≈P)..
##...#.###...PP♣PPPP≈♣≈≈P...
#....#.......PP≈♣♣P♣≈≈≈.....
.#...........P≈≈≈♣≈≈≈.≈....
####.#.##.##..≈P≈≈♣≈♣P.....†
##.#....##...≈≈♣≈≈≈P≈.....
#....#.....##PP≈≈≈PPP.....
#.####..)..##PPP≈PPP#.....
##.# #...@###.P.PPP.......
##..##......# #...###.>....♣
#### #..####..b..#
###.........♣♣ .≈≈###.##
#.....# ###.......♣♣
##≈.##.## ##....####
#.......≈♣ ≈.≈.##..#
#....#.PP.##.#......≈
≈≈.P....##
......P≈P.P..#......≈
P..≈.≈...#
.###..≈P≈P≈P.##......≈
..≈......# P≈♣♣≈P≈≈≈#......♣


You could see a bat.

Vanquished Creatures
  2 ball pythons (D:1)
  3 endoplasms (D:1)
  A giant cockroach (D:1)
  A goblin (D:1)
  A hobgoblin (D:1)
  2 jackals (D:1)
  2 quokkas (D:1)
  2 bats (D:1)
  2 frilled lizards (D:1)
  2 kobolds (D:1)
  2 rats (D:1)
20 creatures vanquished.

Vanquished Creatures (others)
  2 plants (D:1)
2 creatures vanquished.

Grand Total: 22 creatures vanquished

Notes
Turn   | Place    | Note
-------+----------+-------------------------------------------
     0 | D:1      | Jortsu the Troll Fighter began the quest for the Orb.
     0 | D:1      | Reached XP level 1. HP: 22/22 MP: 0/0
   182 | D:1      | Reached XP level 2. HP: 13/29 MP: 1/1
   408 | D:1      | HP: 1/29 [poisoned by a goblin]
   409 | D:1      | Succumbed to a goblin's poison

Illustrated notes

Levels and vault maps discovered:
D:1:      lemuel_arrival_muddy, layout_rooms, serial_bayou,
          serial_bayou_lagoon_b, serial_bayou_shore_b, serial_bayou_lagoon_a,
          serial_bayou_pond_c, serial_bayou_pond_d, grunt_decor_clamped,
          wander_ebering_terrifying_dragon_lair

Skill      XL: |  1  2 |
---------------+-------+-----
Maces & Flails | 2 |  2.0
Fighting       | |  2.6
Dodging        | |  2.7
Shields        | |  2.6

Action                   || total
-------------------------++-------
Melee: Flail             ||    61
  Use: Potion            ||     1
Armor: Robe              ||    41
Dodge: Dodged            ||    49
Block: Kite shield       ||    43

Table legend: (Time is in decaauts)
 A = Elapsed time spent in this place.
 B = Non-inter-level travel time spent in this place.
 C = Inter-level travel time spent in this place.
 D = Time resting spent in this place.
 E = Time spent auto-exploring this place.
 F = Levels seen in this place.
 G = Mean time per level.
                   A        B        C        D        E       F      G
               +--------+--------+--------+--------+--------+-----+--------+
         Total |    444 |    444 |      0 |      0 |    247 |   1 |  444.0 |
       Dungeon |    444 |    444 |      0 |      0 |    247 |   1 |  444.0 |
               +--------+--------+--------+--------+--------+-----+--------+

Top non-repeatable levels by time:
     D:1: 444 daAuts
